 Dungeon Crawl Stone Soup version 0.23.2-1-ga50397a (webtiles) character file.

Game seed: 3765008173111199241

830 kae the Transmogrifier (level 7, -4/78 HPs)
             Began as a White Draconian Transmuter on May 15, 2019.
             Slain by an ogre
             ... wielding a cursed -2 giant club
              (15 damage)
             ... on level 4 of the Dungeon.
             The game lasted 00:05:44 (4873 turns).

kae the Transmogrifier (White Draconian Transmuter) Turns: 4873, Time: 00:05:45

Health: -4/78      AC:  2    Str: 17    XL:     7   Next: 65%
Magic:  8/10       EV: 19    Int: 14    God:
Gold:   106        SH:  0    Dex: 18    Spells: 5/11 levels left

rFire    . . .     SeeInvis .     - Unarmed
rCold    . . .     Gourm    .   (shield currently unavailable)
rNeg     . . .     Faith    .   (armour unavailable)
rPois    x         Spirit   .   (helmet currently unavailable)
rElec    .         Reflect  .   (cloak currently unavailable)
rCorr    .         Harm     .   (gloves currently unavailable)
MR       .....                  (boots currently unavailable)
Stlth    ..........             (no amulet)
HPRegen  0.23/turn              (no ring)
MPRegen  0.12/turn              (no ring)

@: berserking, spider-form, very quick
A: tiny, (breathe frost), unfitting armour, AC +6
a: End Transformation


You were on level 4 of the Dungeon.
You were hungry.
You were a venomous arachnid creature.
You visited 1 branch of the dungeon, and saw 4 of its levels.

You collected 106 gold pieces.

Inventory:

Hand Weapons
 l - a +1 spear of flaming
Missiles
 a - 28 arrows
Wands
 h - a wand of polymorph (5)
Scrolls
 b - 4 scrolls of remove curse
 e - a scroll of fog
Potions
 f - a potion of brilliance
 g - 2 potions of berserk rage
 i - 2 potions of flight
 j - a potion of curing
Comestibles
 c - 10 rations
 d - 2 chunks of flesh


   Skills:
 - Level 1.1 Fighting
 - Level 1.7 Dodging
 + Level 3.5 Unarmed Combat
 + Level 2.6 Spellcasting
 + Level 8.5 Transmutations


You had 5 spell levels left.
You knew the following spells:

 Your Spells              Type           Power        Failure   Level  Hunger
a - Beastly Appendage     Tmut           ####..       4%          1    #......
b - Sticks to Snakes      Tmut           ####....     5%          2    ###....
c - Spider Form           Tmut/Pois      ##........   28%         3    ###....

Your spell library contained the following spells:

 Spells                   Type           Power        Failure   Level  Hunger
 Blade Hands              Tmut           ####......   38%         5    ######.
 Ice Form                 Ice/Tmut       ##......     58%         4    #####..


Dungeon Overview and Level Annotations

Branches:
Dungeon (4/15)
 Temple: D:4-7

Altars:

Annotations:
D:4 exclusion: ogre


Innate Abilities, Weirdness & Mutations

((You can breathe waves of freezing cold.))
((You can buffet flying creatures when you breathe cold.))
((Your icy white scales are hard. (AC +6)))
You cannot fit into any form of body armour.
((Your flesh is cold resistant. (rC+)))
((You are cold-blooded and may be slowed by cold attacks.))


Message History

The hound closely misses you.
You bite the centaur!
You kill the centaur!
The ogre misses you.
You hit the ogre.
The ogre is lightly wounded.
The hound barely misses you.
You bite the ogre!
The ogre is poisoned.
The ogre is heavily wounded.
The hound bites you.
* * * LOW HITPOINT WARNING * * *
The ogre barely misses you.
You barely miss the ogre.
The ogre is heavily wounded.
The hound barely misses you.
You bite the ogre!
The ogre looks as sick as possible!
The ogre is severely wounded.
The hound closely misses you.
The ogre hits you with a cursed -2 giant club!
You die...

##............ .....
##.............
.....
###>..#..(.......
#...
.#.....#(.........
#...
........(.........#
##...
...#####....(......#
#.... #.
##.......#...
###...# #
######.hO...# O....
# .......s)...#
...... ...........##
...... #######....#
......# #....#
....... #..?.#
....... ##....
......" #.....
...##.. ...... #...
#..#


You could see an ogre and a hound.

Vanquished Creatures
  Purgy (D:3)
  An ogre (D:4)
  A centaur (D:4)
  A water moccasin skeleton (D:4)
  A scorpion (D:4)
  A hound (D:4)
  4 orc priests
  2 orc wizards (D:4)
  4 worker ants (D:4)
  8 adders
  2 oozes
  3 worms
  3 dart slugs
  3 leopard geckos
  9 orcs
  3 giant cockroaches
  7 hobgoblins
  5 jackals (D:2)
  2 quokkas
  A ball python (D:3)
  7 bats
  8 frilled lizards
  9 goblins
  11 kobolds
  8 rats
105 creatures vanquished.

Vanquished Creatures (collateral kills)
  A worm (D:3)
1 creature vanquished.

Grand Total: 106 creatures vanquished

Notes
Turn   | Place    | Note
-------+----------+-------------------------------------------
     0 | D:1      | kae the Draconian Transmuter began the quest for the Orb.
     0 | D:1      | Reached XP level 1. HP: 16/16 MP: 3/3
   161 | D:1      | Reached XP level 2. HP: 20/23 MP: 3/5
   369 | D:1      | Reached skill level 3 in Transmutations
   619 | D:1      | Learned a level 2 spell: Sticks to Snakes
   699 | D:2      | Reached XP level 3. HP: 19/28 MP: 2/6
   850 | D:2      | Reached skill level 4 in Transmutations
  1103 | D:2      | Reached XP level 4. HP: 30/35 MP: 3/7
  1921 | D:3      | Noticed Purgy
  1953 | D:3      | Learned a level 3 spell: Spider Form
  1961 | D:3      | Killed Purgy
  1961 | D:3      | Reached skill level 5 in Transmutations
  1961 | D:3      | Reached XP level 5. HP: 26/40 MP: 4/8
  2456 | D:3      | Reached skill level 6 in Transmutations
  2929 | D:3      | Reached XP level 6. HP: 38/47 MP: 5/9
  3661 | D:4      | Reached skill level 7 in Transmutations
  3915 | D:4      | Your scales start taking on an icy white colour.
  3915 | D:4      | Reached XP level 7. HP: 52/52 MP: 3/10
  3915 | D:4      | Gained mutation: Your flesh is cold resistant. (rC+) [White
                  | Draconian growth]
  3932 | D:4      | Reached skill level 8 in Transmutations
  4114 | D:4      | Noticed a +0 hand axe
  4873 | D:4      | Slain by an ogre

Skill      XL: |  1  2  3  4  5  6  7 |
---------------+----------------------+-----
Transmutations | 3 4 5 6 7 8 |  8.5
Fighting       | |  1.1
Dodging        | |  1.7
Unarmed Combat | |  3.5
Spellcasting   | |  2.6

Action                   |  1- 3 |  4- 6 |  7- 9 || total
-------------------------+-------+-------+-------++-------
Melee: Unarmed           |    94 |   215 |    86 ||   395
       Kick              |     5 |     5 |     3 ||    13
       Headbutt          |     7 |     7 |       ||    14
       Tailslap          |     7 |    19 |     8 ||    34
       Punch             |       |     2 |       ||     2
 Cast: Beastly Appendage |    10 |    12 |     1 ||    23
       Sticks to Snakes  |     3 |     5 |       ||     8
       Spider Form       |       |     8 |     3 ||    11
  Use: Scroll            |     6 |     5 |     1 ||    12
       Potion            |       |     2 |     1 ||     3
 Stab: Sleeping          |     1 |       |       ||     1
  Eat: Chunk             |     1 |    11 |     3 ||    15
Armor: Skin              |    43 |    66 |    20 ||   129
Dodge: Dodged            |    56 |   143 |    75 ||   274
